 Dungeon Crawl Stone Soup version 0.32-a0-818-gb728d0252e (webtiles) character file.

Game seed: 295915854193437862

912 jasper the Arsonist (level 7, -5/58 HPs)
             Began as a Mountain Dwarf Fire Elementalist on Mar 23, 2024.
             Slain by Duvessa
             ... wielding a +0 short sword
              (7 damage)
             ... on level 4 of the Dungeon.
             The game lasted 00:07:28 (4435 turns).

jasper the Arsonist (MDFE)                          Turns: 4435, Time: 00:07:29

Health: -5/58      AC:  5    Str:  8 (11) XL:     7   Next: 82%
Magic:  2/10       EV:  8    Int: 14 (17) God:
Gold:   87         SH:  4    Dex:  8 (10) Spells: 3/10 levels left

rFire   . . .        b - +2 whip (flame)
rCold   . . .        o - +0 buckler
rNeg    . . .        f - +0 ring mail
rPois   .            (no helmet)
rElec   .            (no cloak)
rCorr   .            (no gloves)
SInv    .            (no boots)
Will    +....        n - amulet of regeneration
Stlth   +            (no ring)
HPRegen 1.09/turn    (no ring)
MPRegen 0.12/turn

%: no passive effects
@: mighty, enlightened, flying
A: runic magic, artefact enchanting
a: no special abilities


You were on level 4 of the Dungeon.
You visited 1 branch of the dungeon, and saw 4 of its levels.

You collected 263 gold pieces.
You spent 176 gold pieces at shops.

Inventory:

Hand Weapons
 b - a +2 whip of flaming (weapon)
 d - the +1 mace "Besoasac" {freeze, *Rage rF+ rN+++ Int-5}
   (You bought it in a shop on level 4 of the Dungeon)

   Int-5:     It affects your intelligence (-5).
   rF+:       It protects you from fire.
   rN+++:     It renders you almost immune to negative energy.
   *Rage:     It berserks you when you make melee attacks (+20% chance).
 e - a +0 dagger
 g - a +0 club
 i - a +0 trident
Armour
 a - a +0 robe
 c - a +2 robe of positive energy
 f - a +0 ring mail (worn)
 o - a +0 buckler (worn)
 r - a +0 kite shield
Magical Staves
 p - a staff of death
Jewellery
 n - an amulet of regeneration (around neck)
Potions
 h - a potion of brilliance
 j - a potion of mutation
 q - a potion of heal wounds {unknown}
 s - a potion of attraction {unknown}


   Skills:
 + Level 3.7 Fighting
 + Level 3.7 Armour
 - Level 1.3 Dodging
 - Level 1.4 Stealth
 + Level 3.4 Shields
 - Level 2.0 Spellcasting
 + Level 1.0 Conjurations
 - Level 8.3 Fire Magic


You had 3 spell levels left.
You knew the following spells:

 Your Spells              Type           Power      Damage    Failure   Level
a - Foxfire               Conj/Fire      56%        2x1d6     7%          1
b - Scorch                Fire           48%        2d7       2%          2
c - Flame Wave            Conj/Fire      14%        2d6       56%         4

Your spell library contained the following spells:

 Spells                   Type           Power      Damage    Failure   Level
 Inner Flame              Hex/Fire       13%        N/A       26%         3
 Volatile Blastmotes      Fire/Tloc      26%        2d12      26%         3
 Static Discharge         Conj/Air       4%         3-4/arc   50%         2
 Airstrike                Air            0%         2d(1-17)  99%         4
 Summon Lightning Spire   Summ/Air       1%         N/A       99%         4


Dungeon Overview and Level Annotations

Branches:
Dungeon (4/15)
 Temple: D:4-7

Altars:

Shops:
D:4 (

Annotations:
D:4 Dowan, Duvessa


Innate Abilities, Weirdness & Mutations

Your spellcasting is much less encumbered by armour.
You can use scrolls of enchantment on lesser artefacts.


Message History

Duvessa is moderately wounded.
Duvessa hits you but does no damage.
You hit Duvessa but do no damage.
Duvessa is moderately wounded.
Duvessa hits you with a +0 short sword. x2
Your magical contamination has completely faded away.
You take 5 damage, and have 40/58 hp.
You aren't carrying any scrolls.
Unknown command.
You aren't carrying any items that you can evoke.
Unknown command.
It was a potion of degeneration.
There was something very wrong with that liquid.
You feel weakened.
You feel dopey.
You feel clumsy. Duvessa hits you but does no damage.
Duvessa hits you with a +0 short sword.
You take 5 damage, and have 35/58 hp.
It was a potion of enlightenment.
You feel very buoyant.
You fly up into the air.
You block Duvessa's attack. You block Duvessa's attack.
Dowan zaps a wand.
The puff of flame misses you. Duvessa hits you but does no damage.
Dowan zaps a wand.
The puff of flame hits you!
The hobgoblin zaps a wand.
Space twists violently!
The rupture engulfs you!
You hear a shout! x2; You hear a loud squeak.
You see here 12 gold pieces.
You take 18 damage, and have 19/58 hp.
MASSIVE DAMAGE!!
Dowan zaps a wand.
The puff of flame hits you!
* * * LOW HITPOINT WARNING * * *
The hobgoblin zaps a wand.
Space twists violently!
The rupture engulfs you!
* * * LOW HITPOINT WARNING * * *
You take 16 damage, and have 3/58 hp.
MASSIVE DAMAGE!!
Dowan gestures wildly while chanting.
Dowan blinks!
It was a potion of might.
You feel very mighty all of a sudden. You block Duvessa's attack.
Duvessa hits you with a +0 short sword.
* * * LOW HITPOINT WARNING * * *
Duvessa hits you with a +0 short sword!
You die...

...# #.# ...## #.#
!###> ####...# #.#
.... #..g...# #.# #
##.. #.≈≈≈..# #.#
#.#..g##.≈$≈.## #.#
##......#.≈≈≈.## #.#
...........o.Be#####.#
#......).$.....@.....#
.........#.....#.#####
##......###...##.#
#B#...##..e####.# #
##........ #.#
.$..#..~#.. ...
.#...~~~~ ......
..#~~~~~ ~#.... :...~


You could see Duvessa (fast), Dowan, an orc, a giant cockroach and a hobgoblin.

Vanquished Creatures
  Pikel (D:4)
  Grinder (D:3)
  A lemure (D:4)
  A scorpion (D:4)
  3 iguanas (D:4)
  7 adders
  A dart slug (D:2)
  2 ribbon worms
  15 orcs
  8 bats
  5 endoplasms
  4 giant cockroaches
  8 goblins
  6 hobgoblins
  3 quokkas
  5 ball pythons
  2 frilled lizards
  10 kobolds
  4 rats
87 creatures vanquished.

Vanquished Creatures (others)
  204 foxfires
204 creatures vanquished.

Grand Total: 291 creatures vanquished

Notes
Turn   | Place    | Note
-------+----------+-------------------------------------------
     0 | D:1      | jasper the Mountain Dwarf Fire Elementalist began the quest
                  | for the Orb.
     0 | D:1      | Reached XP level 1. HP: 14/14 MP: 3/3
   117 | D:1      | Reached skill level 4 in Fire Magic
   226 | D:1      | Reached XP level 2. HP: 17/20 MP: 1/4
   611 | D:1      | Found a faded altar of an unknown god.
   714 | D:1      | Learned a level 2 spell: Scorch
   768 | D:1      | Reached skill level 5 in Fire Magic
  1091 | D:2      | Reached XP level 3. HP: 26/26 MP: 0/5
  1629 | D:2      | Reached XP level 4. HP: 34/34 MP: 0/7
  1634 | D:2      | Learned a level 4 spell: Flame Wave
  2369 | D:3      | Reached skill level 1 in Fighting
  2434 | D:3      | Reached skill level 6 in Fire Magic
  2870 | D:3      | Reached skill level 1 in Armour
  3396 | D:4      | Noticed Grinder
  3485 | D:3      | Paralysed by Grinder for 2 turns
  3488 | D:3      | Killed Grinder
  3489 | D:3      | Reached skill level 1 in Shields
  3489 | D:3      | Reached XP level 5. HP: 36/41 MP: 0/8
  3489 | D:3      | Reached XP level 6. HP: 42/48 MP: 0/9
  3614 | D:4      | Reached skill level 7 in Fire Magic
  4074 | D:4      | Noticed Pikel
  4122 | D:4      | HP: 2/50 [Pikel/+2 whip of flaming (2)]
  4125 | D:4      | Killed Pikel
  4126 | D:4      | Reached skill level 8 in Fire Magic
  4126 | D:4      | Reached XP level 7. HP: 7/58 MP: 1/10
  4281 | D:4      | Found Omuplav's Antique Weapon Shoppe.
  4286 | D:4      | Bought a twisted mace for 176 gold pieces
  4286 | D:4      | Identified the +1 mace "Besoasac" {freeze, *Rage rF+ rN+++
                  | Int-5} (You bought it in a shop on level 4 of the Dungeon)
  4326 | D:4      | Reached skill level 1 in Conjurations
  4409 | D:4      | Noticed Duvessa
  4409 | D:4      | Noticed Dowan
  4435 | D:4      | HP: 2/58 [Duvessa/+0 short sword (5)]
  4435 | D:4      | Slain by Duvessa

Illustrated notes

Levels and vault maps discovered:
D:1:      scummos_arrival_hexagon, layout_basic, basic_ecumenical_altar,
          chequers_avenue
D:2:      layout_basic, serial_forest, infiniplex_forest_clump_curved,
          infiniplex_forest_clump_tiny, infiniplex_forest_clump_double,
          infiniplex_forest_corner_1, infiniplex_forest_straight_3,
          infiniplex_forest_lined_room_, infiniplex_forest_straight_1
D:3:      layout_loops_ring, minmay_strange_pillars, wad_orctagon
D:4:      layout_loops_ring, nicolae_overflow_crystal_walls,
          minmay_temple_entry_drinking_statues, cheibrodos_sewer_entry_drain,
          serial_shops, shop, corexii_item_surrounded_by_moat,
          uniq_crazy_yiuf_cottage, uniq_grinder, uniq_duvessa, uniq_pikel,
          uniq_robin, uniq_sigmund

Skill      XL: |  1  2  3  4  5  6  7 |
---------------+----------------------+-----
Fire Magic     | 4 5 6 8 |  8.3
Spellcasting   | 2 |  2.0
Fighting       | 2 3 |  3.7
Armour         | 2 3 |  3.7
Shields        | 1 3 |  3.4
Conjurations   | 1 |  1.0
Dodging        | |  1.3
Stealth        | |  1.4

Action                     |  1- 3 |  4- 6 |  7- 9 || total
---------------------------+-------+-------+-------++-------
  Melee: Dagger            |    17 |    27 |       ||    44
         Trident           |       |    15 |       ||    15
         Unarmed           |       |    15 |       ||    15
         Whip              |       |       |     3 ||     3
   Cast: Foxfire           |    51 |    60 |    14 ||   125
         Scorch            |     1 |    36 |     4 ||    41
    Use: Scroll            |       |     7 |       ||     7
         Potion            |       |     5 |     3 ||     8
 Armour: Robe              |    20 |       |       ||    20
         Ring mail         |     4 |    67 |    20 ||    91
         Skin              |       |    12 |       ||    12
  Dodge: Dodged            |    12 |    39 |     5 ||    56
  Block: Buckler           |       |    18 |     5 ||    23

Table legend: (Time is in decaauts)
 A = Elapsed time spent in this place.
 B = Non-inter-level travel time spent in this place.
 C = Inter-level travel time spent in this place.
 D = Time resting spent in this place.
 E = Time spent auto-exploring this place.
 F = Levels seen in this place.
 G = Mean time per level.
                   A        B        C        D        E       F      G
               +--------+--------+--------+--------+--------+-----+--------+
         Total |   4454 |   4392 |     62 |    342 |   3328 |   4 | 1113.5 |
       Dungeon |   4454 |   4392 |     62 |    342 |   3328 |   4 | 1113.5 |
               +--------+--------+--------+--------+--------+-----+--------+

Top non-repeatable levels by time:
     D:3: 1349 daAuts
     D:2: 1236 daAuts
     D:1: 941 daAuts
     D:4: 926 daAuts
